3AAA
AUGUSTA TIMBER HAWKS @ HOUSTON BC
05/09/2034
 
TOP OF THE 1ST
Augusta Timber Hawks batting - Pitching for Houston BC : RHP Jesús Franco
Pitching: RHP Jesús Franco
Batting: LHB Carlos Medellín 0-0: Foul Ball, location: 2F
0-1: Swinging Strike
0-2: Fly out, F7 (Flyball, 78S)
Batting: RHB Krystof Melichar 0-0: Foul Ball, location: 2F
0-1: Swinging Strike
0-2: Ball
1-2: Fly out, F8 (Flyball, 8LM)
Batting: RHB Bogumil Tiwontschik 0-0: Ball
1-0: SINGLE (Groundball, 56D)
Batting: LHB Mike Goff 0-0: Called Strike
Bogumil Tiwontschik steals 2nd base
0-1: Fly out, F7 (Flyball, 7S)
Top of the 1st over - 0 runs, 1 hit, 0 errors, 1 left on base; Augusta 0 - Houston 0
BOTTOM OF THE 1ST
Houston BC batting - Pitching for Augusta Timber Hawks : RHP Chris Holland
Pitching: RHP Chris Holland
Batting: RHB Jud Regan 0-0: Ball
1-0: Ball
2-0: Fly out, F9 (Flyball, 9S)
Batting: RHB Robby Arnold 0-0: Ball
1-0: Swinging Strike
1-1: Ball
2-1: Ball
3-1: Called Strike
3-2: SOLO HOME RUN (Flyball, 7LD), Distance : 389 ft
Batting: RHB Angeddy Almanzar 0-0: Fly out, F8 (Flyball, 78D)
Batting: RHB Sang Hong-Do 0-0: Called Strike
0-1: Ground out 6-3 (Groundball, 6)
Bottom of the 1st over - 1 run, 1 hit, 0 errors, 0 left on base; Augusta 0 - Houston 1
TOP OF THE 2ND
Augusta Timber Hawks batting - Pitching for Houston BC : RHP Jesús Franco
Batting: RHB Jesús Recesvinto 0-0: Ball
1-0: Ground out 5-3 (Groundball, 56)
Batting: SHB Yun-qi Chien 0-0: Ball
1-0: Foul Ball, location: 2F
1-1: Ball
2-1: Foul Ball, location: 2F
2-2: Strikes out looking
Batting: RHB Eugene Bennett 0-0: Fly out, F7 (Line Drive, 7)
Top of the 2nd over - 0 runs, 0 hits, 0 errors, 0 left on base; Augusta 0 - Houston 1
BOTTOM OF THE 2ND
Houston BC batting - Pitching for Augusta Timber Hawks : RHP Chris Holland
Batting: RHB António López 0-0: Ball
1-0: Swinging Strike
1-1: Ground out U3 (Groundball, 34)
Batting: RHB Orlando Montejo 0-0: Called Strike
0-1: Ball
1-1: Ball
2-1: Ball
3-1: SINGLE (Groundball, P) (infield hit)
Batting: RHB Alfredo Mojica 0-0: Ball
1-0: Called Strike
1-1: Ball
2-1: Fly out, F7 (Line Drive, 7D)
Batting: RHB Abraham Phelps 0-0: Foul Ball, location: 2F
0-1: Swinging Strike
0-2: Fly out, F9 (Flyball, 89D)
Bottom of the 2nd over - 0 runs, 1 hit, 0 errors, 1 left on base; Augusta 0 - Houston 1
TOP OF THE 3RD
Augusta Timber Hawks batting - Pitching for Houston BC : RHP Jesús Franco
Batting: SHB Eduardo Pampin 0-0: Foul Ball, location: 2F
0-1: Called Strike
0-2: Ball
1-2: Foul Ball, location: 2F
1-2: Foul Ball, location: 2F
1-2: Ball
2-2: Fly out, F8 (Flyball, 8RXD)
Batting: LHB Seung-soo Ch'ae 0-0: SINGLE (Groundball, 56S) (infield hit)
Batting: LHB Carlos Medellín 0-0: Ball
1-0: Called Strike
1-1: Ball
2-1: SINGLE (Groundball, 4MD)
Seung-soo Ch'ae to second
Runner from 2nd tries for 3rd, SAFE, no throw
Batting: RHB Krystof Melichar 0-0: Called Strike
0-1: Called Strike
0-2: SINGLE (Groundball, 34D)
Seung-soo Ch'ae scores
Carlos Medellín to second
Runner from 2nd tries for 3rd, SAFE, no throw
Batting: RHB Bogumil Tiwontschik 0-0: Ball
1-0: DOUBLE (Flyball, 78XD)
Carlos Medellín scores
Krystof Melichar to third
Runner from 3rd tries for Home, SAFE, no throw
Batting: LHB Mike Goff 0-0: Ball
1-0: DOUBLE (Line Drive, 9LM)
Bogumil Tiwontschik scores
Batting: RHB Jesús Recesvinto 0-0: Ball
1-0: Called Strike
1-1: Foul Ball, location: 2F
1-2: Ball
2-2: Strikes out looking
Batting: SHB Yun-qi Chien 0-0: Foul Ball, location: 2F
0-1: DOUBLE (Line Drive, 7LS)
Mike Goff scores
Batting: RHB Eugene Bennett 0-0: DOUBLE (Line Drive, 7)
Yun-qi Chien scores
Batting: SHB Eduardo Pampin 0-0: Foul Ball, location: 2F
0-1: Ball
1-1: Fly out, F9 (Line Drive, 9)
Top of the 3rd over - 6 runs, 7 hits, 0 errors, 1 left on base; Augusta 6 - Houston 1
BOTTOM OF THE 3RD
Houston BC batting - Pitching for Augusta Timber Hawks : RHP Chris Holland
Batting: RHB Tyler Utterback 0-0: SINGLE (Groundball, 4D)
Batting: RHB Jud Regan 0-0: Called Strike
0-1: Called Strike
0-2: Grounds into double play, 6-4-3 (Groundball, 56)
Batting: RHB Robby Arnold 0-0: Ball
1-0: Called Strike
1-1: Ball
2-1: Foul Ball, location: 2F
2-2: Ball
3-2: Fly out, F8 (Flyball, 78M)
Bottom of the 3rd over - 0 runs, 1 hit, 0 errors, 0 left on base; Augusta 6 - Houston 1
TOP OF THE 4TH
Augusta Timber Hawks batting - Pitching for Houston BC : RHP Jesús Franco
Batting: LHB Seung-soo Ch'ae 0-0: Called Strike
0-1: Ball
1-1: Ground out 1-3 (Groundball, 15)
Batting: LHB Carlos Medellín 0-0: Foul Ball, location: 2F
0-1: Ball
1-1: Foul Ball, location: 2F
1-2: Foul Ball, location: 2F
1-2: Ball
2-2: Fly out, F8 (Flyball, 8RM)
Batting: RHB Krystof Melichar 0-0: Fly out, F6 (Line Drive, 6)
Top of the 4th over - 0 runs, 0 hits, 0 errors, 0 left on base; Augusta 6 - Houston 1
BOTTOM OF THE 4TH
Houston BC batting - Pitching for Augusta Timber Hawks : RHP Chris Holland
Batting: RHB Angeddy Almanzar 0-0: Ball
1-0: Fly out, F3 (Popup, 3SF)
Batting: RHB Sang Hong-Do 0-0: Ball
1-0: Called Strike
1-1: Called Strike
1-2: Ground out 6-3 (Groundball, 6)
Batting: RHB António López 0-0: Called Strike
0-1: Called Strike
0-2: Ball
1-2: Ground out 5-3 (Groundball, 56S)
Bottom of the 4th over - 0 runs, 0 hits, 0 errors, 0 left on base; Augusta 6 - Houston 1
TOP OF THE 5TH
Augusta Timber Hawks batting - Pitching for Houston BC : RHP Jesús Franco
Batting: RHB Bogumil Tiwontschik 0-0: Called Strike
0-1: Ball
1-1: Ball
2-1: Fly out, F7 (Line Drive, 7)
Batting: LHB Mike Goff 0-0: Called Strike
0-1: Called Strike
0-2: Foul Ball, location: 2F
0-2: Ball
1-2: Strikes out looking
Batting: RHB Jesús Recesvinto 0-0: Ball
1-0: Fly out, F4 (Line Drive, 4)
Top of the 5th over - 0 runs, 0 hits, 0 errors, 0 left on base; Augusta 6 - Houston 1
BOTTOM OF THE 5TH
Houston BC batting - Pitching for Augusta Timber Hawks : RHP Chris Holland
Batting: RHB Orlando Montejo 0-0: Called Strike
0-1: Ball
1-1: Ball
2-1: Foul Ball, location: 2F
2-2: Foul Ball, location: 2F
2-2: Foul Ball, location: 2F
2-2: Ground out 5-3 (Groundball, 5S)
Batting: RHB Alfredo Mojica 0-0: Ground out 5-3 (Groundball, 5)
Batting: RHB Abraham Phelps 0-0: Ball
1-0: SINGLE (Flyball, 8RS)
Batting: RHB Tyler Utterback 0-0: Ball
1-0: Ball
2-0: Foul Ball, location: 2F
2-1: Ball
3-1: Base on Balls
Abraham Phelps to second
Batting: RHB Jud Regan 0-0: Ball
1-0: Swinging Strike
1-1: Ball
2-1: Ball
3-1: Base on Balls
Abraham Phelps to third
Tyler Utterback to second
Batting: RHB Robby Arnold 0-0: Called Strike
0-1: Ball
1-1: Fly out, F9 (Flyball, 9S)
Bottom of the 5th over - 0 runs, 1 hit, 0 errors, 3 left on base; Augusta 6 - Houston 1
TOP OF THE 6TH
Augusta Timber Hawks batting - Pitching for Houston BC : RHP Jesús Franco
Pitching: RHP Liam Sorrell
Batting: SHB Yun-qi Chien 0-0: Swinging Strike
0-1: Ball
1-1: Foul Ball, location: 2F
1-2: Fly out, F9 (Flyball, 9LSF)
Batting: RHB Eugene Bennett 0-0: Called Strike
0-1: Ball
1-1: Ball
2-1: Ball
3-1: Foul Ball, location: 2F
3-2: SINGLE (Groundball, 5S) (infield hit)
Batting: SHB Eduardo Pampin 0-0: Ball
1-0: Ball
Eugene Bennett steals 2nd base
2-0: Foul Ball, location: 2F
2-1: Foul Ball, location: 2F
2-2: Foul Ball, location: 2F
2-2: Fly out, F6 (Line Drive, 6M)
Batting: LHB Seung-soo Ch'ae 0-0: Fly out, F7 (Flyball, 78D)
Top of the 6th over - 0 runs, 1 hit, 0 errors, 1 left on base; Augusta 6 - Houston 1
BOTTOM OF THE 6TH
Houston BC batting - Pitching for Augusta Timber Hawks : RHP Chris Holland
Batting: RHB Angeddy Almanzar 0-0: Ball
1-0: Ball
2-0: Ball
3-0: Foul Ball, location: 2F
3-1: Base on Balls
Batting: RHB Sang Hong-Do 0-0: Ball
1-0: SINGLE (Groundball, 15S) (infield hit)
Angeddy Almanzar to second
Batting: RHB António López 0-0: Ball
1-0: 3-RUN HOME RUN (Flyball, 7D), Distance : 423 ft
Batting: RHB Orlando Montejo 0-0: Ball
1-0: Ball
2-0: Ground out 6-3 (Groundball, 6)
Batting: RHB Alfredo Mojica 0-0: Called Strike
0-1: Ball
1-1: Foul Ball, location: 2F
1-2: Ball
2-2: Foul Ball, location: 2F
2-2: Fly out, F4 (Line Drive, 4)
Batting: RHB Abraham Phelps 0-0: Ball
1-0: Called Strike
1-1: Ball
2-1: Fly out, F4 (Line Drive, 4)
Bottom of the 6th over - 3 runs, 2 hits, 0 errors, 0 left on base; Augusta 6 - Houston 4
TOP OF THE 7TH
Augusta Timber Hawks batting - Pitching for Houston BC : RHP Liam Sorrell
Batting: LHB Carlos Medellín 0-0: Ball
1-0: Ball
2-0: Ball
3-0: Called Strike
3-1: Base on Balls
Batting: RHB Krystof Melichar 0-0: Ball
Carlos Medellín is caught stealing 2nd base
1-0: Swinging Strike
1-1: Ball
2-1: SINGLE (Groundball, 6S) (infield hit)
Batting: RHB Bogumil Tiwontschik 0-0: Ball
1-0: Called Strike
1-1: Ball
Krystof Melichar is caught stealing 2nd base
2-1: DOUBLE (Flyball, 89D)
Batting: LHB Mike Goff 0-0: Ball
1-0: Swinging Strike
1-1: Foul Ball, location: 2F
1-2: Ball
2-2: Ground out 4-3 (Groundball, 34)
Top of the 7th over - 0 runs, 2 hits, 0 errors, 1 left on base; Augusta 6 - Houston 4
BOTTOM OF THE 7TH
Houston BC batting - Pitching for Augusta Timber Hawks : RHP Chris Holland
Pitching: RHP Omara Moctar
Now at 1B: José Pérez
Batting: RHB Tyler Utterback 0-0: Ball
1-0: Called Strike
1-1: Foul Ball, location: 2F
1-2: Ball
2-2: Foul Ball, location: 2F
2-2: DOUBLE (Flyball, 78XD)
Batting: RHB Jud Regan 0-0: Ball
1-0: Ground out 4-3 (Groundball, 4)
Tyler Utterback to third
Batting: RHB Robby Arnold 0-0: Called Strike
0-1: Ground out 5-3 (Groundball, 56)
Batting: RHB Angeddy Almanzar 0-0: Ball
1-0: Called Strike
1-1: Ball
2-1: Fly out, F7 (Line Drive, 78D)
Bottom of the 7th over - 0 runs, 1 hit, 0 errors, 1 left on base; Augusta 6 - Houston 4
TOP OF THE 8TH
Augusta Timber Hawks batting - Pitching for Houston BC : RHP Liam Sorrell
Batting: RHB Jesús Recesvinto 0-0: Ball
1-0: Ball
2-0: Ball
3-0: Base on Balls
Batting: SHB Yun-qi Chien 0-0: Sac Bunt - play at first, batter OUT! 2-3
Jesús Recesvinto to second
Batting: RHB Eugene Bennett 0-0: Ball
1-0: Ball
2-0: Reached on error, E5 (Groundball, 56)
Jesús Recesvinto to third
Batting: SHB Eduardo Pampin 0-0: Ball
1-0: Swinging Strike
1-1: Ball
2-1: Foul Ball, location: 2F
2-2: Foul Ball, location: 2F
2-2: Ball
3-2: Base on Balls
Eugene Bennett to second
Batting: LHB Seung-soo Ch'ae 0-0: Ball
1-0: Called Strike
1-1: Foul Ball, location: 2F
1-2: TRIPLE (Flyball, 78D)
Jesús Recesvinto scores
Eugene Bennett scores
Eduardo Pampin scores
Batting: LHB Carlos Medellín 0-0: Swinging Strike
0-1: Called Strike
0-2: Strikes out swinging passed ball, reaches first!
Seung-soo Ch'ae scores
Pitching: RHP Pete Venegas
Batting: RHB Krystof Melichar 0-0: Called Strike
Pickoff Throw to First - Error! E1
Carlos Medellín to second
0-1: Swinging Strike
0-2: Strikes out swinging
Batting: RHB Bogumil Tiwontschik 0-0: Foul Ball, location: 2F
0-1: Ball
1-1: Ball
2-1: Ball
3-1: Base on Balls
Batting: LHB José Pérez 0-0: Called Strike
0-1: Swinging Strike
0-2: Strikes out swinging
Top of the 8th over - 4 runs, 1 hit, 2 errors, 2 left on base; Augusta 10 - Houston 4
BOTTOM OF THE 8TH
Houston BC batting - Pitching for Augusta Timber Hawks : RHP Omara Moctar
Now in RF: Damian Delaney
Batting: RHB Sang Hong-Do 0-0: Foul Ball, location: 2F
0-1: Foul Ball, location: 2F
0-2: Ground out 5-3 (Groundball, 56)
Batting: RHB António López 0-0: Called Strike
0-1: Swinging Strike
0-2: SINGLE (Groundball, 4MD)
Batting: RHB Orlando Montejo 0-0: Ball
Wild Pitch!
António López to second
1-0: Ball
2-0: Ball
3-0: Base on Balls
Batting: RHB Alfredo Mojica 0-0: Foul Ball, location: 2F
0-1: Ball
1-1: Grounds into double play, 6-4-3 (Groundball, 6)
Bottom of the 8th over - 0 runs, 1 hit, 0 errors, 1 left on base; Augusta 10 - Houston 4
TOP OF THE 9TH
Augusta Timber Hawks batting - Pitching for Houston BC : RHP Pete Venegas
Batting: LHB Damian Delaney 0-0: Swinging Strike
0-1: Called Strike
0-2: Foul Ball, location: 2F
0-2: Ball
1-2: Foul Ball, location: 2F
1-2: Strikes out swinging
Batting: SHB Yun-qi Chien 0-0: Foul Ball, location: 2F
0-1: Ball
1-1: Ground out 4-3 (Groundball, 4)
Batting: RHB Eugene Bennett 0-0: SINGLE (Line Drive, 8LS)
Batting: SHB Eduardo Pampin 0-0: Ball
1-0: Ball
2-0: Ball
3-0: Called Strike
3-1: Called Strike
3-2: Base on Balls
Eugene Bennett to second
Batting: LHB Seung-soo Ch'ae 0-0: Ball
1-0: Called Strike
1-1: Ball
2-1: Ball
3-1: Foul Ball, location: 2F
3-2: Base on Balls
Eugene Bennett to third
Eduardo Pampin to second
Batting: LHB Carlos Medellín 0-0: Ball
1-0: Foul Ball, location: 2F
1-1: Ball
2-1: Ball
3-1: Base on Balls
Eugene Bennett scores
Eduardo Pampin to third
Seung-soo Ch'ae to second
Batting: RHB Krystof Melichar 0-0: Swinging Strike
0-1: Ball
1-1: Fly out, F7 (Flyball, 7)
Top of the 9th over - 1 run, 1 hit, 0 errors, 3 left on base; Augusta 11 - Houston 4
BOTTOM OF THE 9TH
Houston BC batting - Pitching for Augusta Timber Hawks : RHP Omara Moctar
Batting: RHB Abraham Phelps 0-0: Ball
1-0: Called Strike
1-1: Ball
2-1: Fly out, F8 (Flyball, 8RXD)
Batting: RHB Tyler Utterback 0-0: Swinging Strike
0-1: Fly out, F9 (Flyball, 9S)
Batting: RHB Jud Regan 0-0: Ball
1-0: Ball
2-0: Fly out, F9 (Flyball, 9S)
Bottom of the 9th over - 0 runs, 0 hits, 0 errors, 0 left on base; Augusta 11 - Houston 4
Friday, March 29th, 2019 - OOTP Baseball 18.8 Build 76